AoeStats
← Milaad

Black Forest

510658736Analyzed
4v4 RM · 1d ago on Oct 2, 2026· 80m 18s· 8 players
Game mode
Random Map
Map size
Large (8 player)
Population
200
Speed
Normal
Resources
Standard
Victory
Conquest
Starting age
Dark Age
Ending age
Imperial Age
RankedLock teamsTeams togetherTeam positionsShared explorationLock speedFull tech treeHidden civsTurbo modeCheats
Victory
Defeat
🇲🇽 Britons · Mexico
1080
+17
🇨🇦 Teutons · Canada
1060
+18
🇺🇸 Burmese · United States
1054
+18
🇲🇽 Ethiopians · Mexico
1052
+18
🇺🇸 Poles · United States
1135
-18
🇺🇸 Turks · United States
1126
-18
🇺🇸 Koreans · United States
1093
-18
🇺🇸 Ethiopians · United States
1075
-17
Stwarty13
10:55 Feudal Age
12:12 Loom
14:45 Castle Age
14:24 Double-Bit Axe
15:30 Horse Collar
16:03 Bow Saw
23:24 Heavy Plow
23:44 Town Watch
25:39 Wheelbarrow
27:26 Hand Cart
31:00 Imperial Age
30:41 Ballistics
30:18 Murder Holes
30:33 Masonry
30:19 Fletching
30:32 Padded Archer Armor
30:43 Gold Mining
30:44 Stone Mining
32:45 Chemistry
31:51 Siege Engineers
31:56 Masonry
33:03 Two-Man Saw
31:33 Onager
33:52 Bodkin Arrow
35:55 Gold Shaft Mining
35:56 Stone Shaft Mining
36:55 Conscription
40:33 Siege Onager
44:49 Torsion Engines
45:46 Royal Heirs
53:04 Heavy Scorpion
57:42 Guilds
61:51 Caravan
67:47 Thumb Ring
69:25 Elite Skirmisher
72:38 Leather Archer Armor
72:33 Bracer
72:54 Squires
72:39 Arson
72:30 Halberdier
75:06 Forging
74:56 Scale Mail Armor
75:01 Scale Barding Armor
75:26 Ring Archer Armor
Sean
1:51 Loom
12:22 Feudal Age
16:23 Castle Age
14:11 Double-Bit Axe
17:12 Horse Collar
17:53 Bow Saw
19:21 Wheelbarrow
22:36 Gold Mining
23:25 Hand Cart
24:07 Heavy Plow
24:34 Stone Mining
27:15 Stone Shaft Mining
31:10 Imperial Age
29:13 Scale Mail Armor
29:24 Forging
28:35 Pikeman
29:16 Squires
32:04 Chain Mail Armor
33:08 Chemistry
31:36 Capped Ram
31:50 Halberdier
33:07 Conscription
33:38 Plate Mail Armor
34:31 Two-Man Saw
34:25 Ballistics
34:10 Siege Engineers
35:28 Iron Casting
36:13 Cavalier
37:05 Bloodlines
38:00 Paladin
38:48 Scale Barding Armor
39:46 Blast Furnace
43:16 Chain Barding Armor
43:19 Caravan
44:46 Plate Barding Armor
45:15 Guilds
48:00 Onager
58:18 Crop Rotation
67:55 Fletching
79:12 Coinage
Lord Tay
5:49 Loom
14:18 Feudal Age
15:51 Wheelbarrow
15:02 Town Watch
20:23 Castle Age
21:28 Town Patrol
21:44 Hand Cart
21:22 Gold Mining
22:24 Redemption
22:34 Sanctity
22:25 Fervor
24:23 Caravan
33:25 Imperial Age
31:45 Padded Archer Armor
33:33 Masonry
33:34 Fortified Wall
35:22 Block Printing
35:33 Illumination
35:43 Theocracy
34:41 Elite Arambai
35:41 Conscription
36:19 Bloodlines
36:10 Husbandry
36:45 Parthian Tactics
47:15 Elite Battle Elephant
52:38 Howdah
52:51 Scale Barding Armor
52:57 Forging
55:50 Iron Casting
55:58 Arson
SlappyGJ
0:40 Loom
19:07 Feudal Age
21:34 Wheelbarrow
25:56 Castle Age
23:49 Double-Bit Axe
26:26 Stone Mining
34:53 Fletching
35:21 Horse Collar
36:39 Padded Archer Armor
38:04 Hand Cart
39:11 Ballistics
38:49 Murder Holes
39:13 Gold Mining
39:29 Bodkin Arrow
40:20 Town Watch
41:49 Yeomen
42:07 Heavy Plow
42:30 Leather Archer Armor
45:29 Pikeman
46:09 Squires
45:55 Arson
46:26 Forging
46:17 Scale Mail Armor
48:59 Imperial Age
46:31 Town Patrol
49:10 Halberdier
51:27 Chemistry
50:34 Bracer
51:13 Ring Archer Armor
50:52 Man-at-Arms
51:17 Gambesons
52:20 Conscription
52:12 Long Swordsman
54:17 Iron Casting
53:58 Chain Mail Armor
53:33 Elite Longbowman
54:34 Two-Handed Swordsman
55:35 Champion
68:00 Blast Furnace
67:31 Plate Mail Armor
79:08 Guilds
Streetlamp Le Moose
0:28 Loom
17:44 Feudal Age
19:19 Double-Bit Axe
22:02 Castle Age
19:57 Horse Collar
21:22 Wheelbarrow
20:37 Town Watch
24:36 Hand Cart
24:33 Heavy Plow
37:10 Imperial Age
34:55 Fletching
35:06 Padded Archer Armor
35:10 Crossbowman
35:56 Thumb Ring
36:24 Bodkin Arrow
37:26 Arbalester
38:36 Bodkin Arrow
39:36 Conscription
40:00 Bracer
40:57 Ballistics
41:38 Chemistry
41:29 Leather Archer Armor
44:18 Masonry
43:51 Elite Skirmisher
44:44 Siege Engineers
47:10 Ring Archer Armor
46:51 Forging
46:49 Scale Mail Armor
47:10 Bow Saw
48:55 Halberdier
52:44 Town Patrol
57:04 Forging
56:56 Scale Mail Armor
57:57 Squires
58:40 Iron Casting
59:25 Chain Mail Armor
61:08 Blast Furnace
61:27 Plate Mail Armor
72:17 Husbandry
71:39 Cavalier
71:40 Light Cavalry
ScoobaDoobaDoo
2:52 Loom
15:58 Feudal Age
18:12 Double-Bit Axe
20:36 Castle Age
19:17 Horse Collar
20:15 Stone Mining
21:39 Wheelbarrow
21:28 Bow Saw
28:14 Fletching
29:15 Bodkin Arrow
30:41 Gold Mining
36:04 Imperial Age
33:53 Hand Cart
34:48 Scale Mail Armor
35:13 Elite Skirmisher
39:10 Bracer
41:39 Thumb Ring
42:12 Capped Ram
45:59 Two-Man Saw
46:47 Town Watch
49:54 Chemistry
48:35 Treadmill Crane
49:06 Masonry
49:44 Squires
49:04 Pikeman
50:28 Chain Mail Armor
50:24 Forging
50:21 Scale Barding Armor
52:04 Halberdier
53:40 Plate Mail Armor
53:46 Iron Casting
53:55 Town Patrol
59:12 Chain Barding Armor
59:33 Elite War Wagon
60:16 Eupseong
60:37 Conscription
61:39 Shinkichon
65:15 Man-at-Arms
71:41 Conscription
70:42 Elite War Wagon
78:26 Heavy Plow
78:31 Husbandry
Cthpoolu
0:28 Loom
12:02 Feudal Age
15:36 Castle Age
16:15 Double-Bit Axe
16:16 Horse Collar
21:31 Wheelbarrow
21:28 Heavy Plow
22:43 Gold Mining
25:32 Hand Cart
30:15 Imperial Age
28:12 Stone Mining
28:35 Scale Barding Armor
28:31 Scale Mail Armor
28:41 Forging
29:03 Masonry
29:13 Ballistics
30:16 Chain Barding Armor
29:46 Fletching
29:57 Padded Archer Armor
30:12 Chain Mail Armor
30:17 Fortified Wall
30:25 Bow Saw
30:40 Bloodlines
30:32 Husbandry
32:01 Chemistry
30:26 Light Cavalry
32:08 Iron Casting
31:29 Bodkin Arrow
32:11 Szlachta Privileges
31:48 Cavalier
32:37 Crossbowman
32:38 Elite Skirmisher
33:24 Thumb Ring
33:49 Arbalester
37:36 Blast Furnace
36:37 Bracer
37:07 Plate Mail Armor
36:55 Leather Archer Armor
39:37 Lechitic Legacy
38:39 Winged Hussar
41:00 Crop Rotation
62:29 Conscription
64:32 Siege Engineers
Milaad
2:19 Loom
12:48 Feudal Age
13:30 Double-Bit Axe
15:37 Horse Collar
20:03 Castle Age
25:17 Bow Saw
27:43 Wheelbarrow
30:47 Imperial Age
29:01 Padded Archer Armor
28:52 Fletching
30:13 Heavy Plow
31:10 Gold Mining
31:18 Stone Mining
33:46 Leather Archer Armor
33:26 Bodkin Arrow
34:05 Ballistics
36:31 Ring Archer Armor
36:11 Bracer
39:21 Bloodlines
41:10 Heavy Scorpion
43:55 Scale Barding Armor
44:00 Forging
44:21 Ring Archer Armor
48:24 Gold Shaft Mining
52:47 Chain Barding Armor
53:54 Heavy Camel Rider
54:38 Husbandry
55:17 Plate Barding Armor
57:27 Two-Man Saw
Connection lost

Rejoining the realm…

Still unreachable

The connection could not be restored.

Session expired

The server has moved on; the page needs a fresh start.